cohdb
Replays
Latest Replays
All Replays
Popular Replays
Top Player Replays
Match Explorer
How It Works
Community
CoH3 Stats
Reddit
Sign in to upload your games and track your stats! →
Sign in with Steam
Match 45859199
Unlisted
Match 45859199
Overview
Messages
Build Orders
End
Construct Barracks
Riflemen Squad
1⁄4-ton 4x4 Truck
Riflemen Squad
Mechanized Support Center
Selects Armored Battlegroup
Selects Veteran Crews
Riflemen Squad
Grenade Package
Riflemen Squad
Designate Forward Repair Station
Selects M31 Recovery Vehicle
Construct Motor Pool
Selects War Machine
M8 Greyhound Armored Car
M3 75 mm Gun Motor Carriage
Riflemen Squad
Selects Strength in Steel
M1918 Browning Automatic Rifles
Construct Medical Station
Salvage Crew
hurudam휴러담
Grand.G
0
0
Comments
sign in to comment!
No comments posted yet!